 Dungeon Crawl Stone Soup version 0.22.0-18-ge075c0d (webtiles) character file.

3846 Gorice the Carver (level 9, -5/61 HPs)
             Began as a Demonspawn Wanderer on Aug 18, 2018.
             Was a Follower of Ru.
             Slain by an orc knight
             ... wielding a +0 great sword
              (7 damage)
             ... on level 8 of the Dungeon.
             The game lasted 00:39:46 (10441 turns).

Gorice the Carver (Demonspawn Wanderer)            Turns: 10441, Time: 00:39:47

Health: -5/61      AC: 19    Str: 15    XL:     9   Next: 98%
Magic:  9/9        EV:  5    Int: 10    God:    Ru [*.....]
Gold:   436        SH:  0    Dex: 17    Spells: 8/8 levels left

rFire    . . .     SeeInvis +   a - +3 falchion
rCold    . . .     Gourm    .   (no shield)
rNeg     . . .     Faith    .   C - +0 plate armour
rPois    .         Spirit   .   o - +0 helmet
rElec    .         Reflect  .   r - +0 cloak
rCorr    .         Harm     .   (no gloves)
MR       .....                  m - +0 pair of boots
Stlth    ..........             q - amulet of regeneration
HPRegen  0.60/turn              h - ring of see invisible
MPRegen  0.11/turn              i - ring of wizardry

@: no status effects
A: rugged brown scales 2, demonic guardian 1, foul stench 1, rot immunity, magic
vulnerability 1
a: Renounce Religion


You were on level 8 of the Dungeon.
You worshipped Ru.
Ru was aware of your devotion.
You were not hungry.

You visited 1 branch of the dungeon, and saw 8 of its levels.

You collected 436 gold pieces.

Inventory:

Hand Weapons
 a - a +3 falchion (weapon)
 b - a +0 quarterstaff
 d - a +0 great sword
 e - a +0 dagger
 J - a +1 falchion of protection
   (You found it on level 8 of the Dungeon)
Missiles
 k - 29 sling bullets
 v - 4 tomahawks (quivered)
 I - 3 curare-tipped needles
 Y - 254 stones
 Z - a throwing net
Armour
 m - a +0 pair of boots (worn)
 o - a +0 helmet (worn)
 r - a +0 cloak (worn)
 C - a +0 plate armour (worn)
 F - +2 steam dragon scales
Magical Staves
 G - an uncursed staff of energy
Jewellery
 h - a ring of see invisible (left hand)
 i - a ring of wizardry (right hand)
 q - an amulet of regeneration (around neck)
Wands
 l - a wand of iceblast (9)
 A - a wand of enslavement (16)
 H - a wand of polymorph (9)
Scrolls
 p - 2 scrolls of remove curse
 t - 5 scrolls of enchant weapon
 u - 3 scrolls of fear {!r}
 y - a scroll of teleportation {!r}
Potions
 c - 7 potions of curing
 g - 2 potions of brilliance {!q}
 j - a potion of mutation {!q}
 n - 4 potions of agility {!q}
 s - a potion of lignification {!q}
 w - a potion of invisibility {!q}
 x - a potion of haste {!q}
 z - a potion of might {!q}
 B - a potion of cancellation {!q}
 D - a potion of heal wounds {unknown}
Comestibles
 f - 12 rations
 E - a chunk of flesh


   Skills:
 - Level 1.0 Fighting
 * Level 11.3 Long Blades
   Level 1.0 Polearms
 - Level 1.0 Throwing
 + Level 7.3 Armour
 - Level 2.6 Stealth


You had 8 spell levels left.
You didn't know any spells.
Your spell library contained the following spells:

 Spells                   Type           Power        Failure   Level  Hunger
 Confusing Touch          Hex            #.....       99%         1    ##.....
 Freeze                   Ice            #...         99%         1    ##.....
 Summon Small Mammal      Summ           #...         99%         1    ##.....
 Call Imp                 Summ           #.......     100%        2    ###....
 Throw Frost              Conj/Ice       #.....       100%        2    ###....
 Call Canine Familiar     Summ           #.......     100%        3    ####...
 Confuse                  Hex            #.......     100%        3    ####...
 Gell's Gravitas          Tloc           #.........   100%        3    ####...
 Ozocubu's Armour         Chrm/Ice       #.......     100%        3    ####...
 Summon Guardian Golem    Hex/Summ       #.......     100%        3    ####...
 Petrify                  Tmut/Erth      #.......     100%        4    #####..
 Summon Ice Beast         Ice/Summ       #.......     100%        4    #####..
 Summon Lightning Spire   Summ/Air       #.......     100%        4    #####..
 Throw Icicle             Conj/Ice       #.......     100%        4    #####..
 Metabolic Englaciation   Hex/Ice        #.........   100%        5    ######.
 Yara's Violent Unravell  Hex/Tmut       #.........   100%        5    ######.


Dungeon Overview and Level Annotations

Branches:
Dungeon (8/15)             Temple (0/1) D:4
   Lair: D:8-11

Altars:
Elyvilon
Ru
Sif Muna
Wu Jian
Yredelemnul
Zin

Shops:
D:5 =   D:8 *


Innate Abilities, Weirdness & Mutations

You are mostly covered in rugged brown scales. (AC +2, +5% HP)
A weak demonic guardian rushes to your aid.
You may emit foul miasma when damaged in melee.
You are immune to rotting.
You are slightly vulnerable to magic. (MR-)


Message History

Your quasit bites the orc knight.
Your quasit closely misses the orc knight. x2
The orc knight hits you but does no damage.
You hit the orc knight.
The orc knight is severely wounded.
You barely miss the orc knight.
The orc knight is severely wounded.
Your quasit bites the orc knight but does no damage.
Your quasit claws the orc knight but does no damage.
Your quasit completely misses the orc knight.
The orc knight hits your quasit with a great sword!!
Your quasit dies!
The orc knight shouts!
You hit the orc knight but do no damage.
The orc knight is severely wounded.
You closely miss the orc knight.
The orc knight is severely wounded.
The orc knight hits you with a great sword!
Damage: 8 (max 14)
You hit the orc knight but do no damage.
The orc knight is severely wounded.
You hit the orc knight but do no damage.
The orc knight is severely wounded.
The orc knight hits you with a great sword.
Damage: 5 (max 14)
You hit the orc knight but do no damage.
The orc knight is severely wounded.
The orc knight hits you with a great sword!!
* * * LOW HITPOINT WARNING * * *
Damage: 20 (max 20)
You hit the orc knight but do no damage.
The orc knight is severely wounded.
Your plate armour prevents you from hitting the orc knight.
The orc knight is severely wounded.
You redirect the orc knight's attack!
The orc knight hits itself with a great sword.
You hit the orc knight but do no damage.
The orc knight is almost dead.
You hit the orc knight.
The orc knight is almost dead.
The orc knight hits you with a great sword!!
* * * LOW HITPOINT WARNING * * *
You emit a cloud of foul miasma!
Damage: 18 (max 20)
Your plate armour prevents you from hitting the orc knight.
The orc knight is almost dead.
The orc knight is engulfed in dark miasma.
The orc knight is poisoned.
The orc knight hits you with a great sword!
You die...

##..#....###.##.##.##....##.#.#..
###.#.##.##.##.})##.#.###..#..#..
'...#.#...'##..#...#(#...#.#..'..
##.####.###.##)..##(#.###.#...#..
##....#..###.##.##(###..#.#...#..
##..#....# ##.###(###.#.#.#...#..
#####.#### ##.#.## #..#.#....#..
#####'#########5#########'#####..
..........#...(o@...#............
#..#.####.#.#######.#.##########.
#.##.# #.#.# #.#.# #....#. ..#..#
#.#.# #.#.# #.##... .##.## #.'.+
#.'.# #.#.... .#..# #.#.# #.#.#
#.#.... .#.## #.#.# #.#..#
#.#.... ##.# ##.#.#######.# .#
#.#..## #..# #..#.........# .#
#.#....


You could see an orc knight and a friendly quasit.

Vanquished Creatures
  Pikel (D:4)
  A cyclops (D:8)
  Prince Ribbit (D:7)
  Grinder (D:6)
  2 hungry ghosts (D:8)
  A sky beast (D:7)
  An orc warrior (D:6)
  A black bear (D:7)
  A phantom (D:8)
  An ogre (D:4)
  2 centaurs
  3 scorpions
  4 wights
  3 howler monkeys
  A bullfrog zombie (D:5)
  7 crimson imps
  A centaur zombie (D:5)
  3 orc priests
  2 orc wizards
  4 iguanas
  5 worker ants
  A hound zombie (D:8)
  2 hound skeletons
  11 gnolls
  A howler monkey skeleton (D:8)
  13 adders
  2 shadow imps
  2 oozes
  3 worms
  2 dart slugs
  5 leopard geckos
  12 orcs
  A bat zombie (D:1)
  7 giant cockroaches
  13 goblins
  4 hobgoblins
  10 jackals
  4 quokkas
  8 ball pythons
  2 bats
  5 frilled lizards
  A giant cockroach zombie (D:1)
  12 kobolds
  8 rats
175 creatures vanquished.

Vanquished Creatures (collateral kills)
  A hungry ghost (D:8)
  A water moccasin (D:5)
  A sky beast (D:8)
  2 bullfrogs
  A wight (D:7)
  A jelly (D:3)
  An orc wizard (D:3)
  A hound zombie (D:8)
  A quokka (D:4)
10 creatures vanquished.

Grand Total: 185 creatures vanquished

Notes
Turn   | Place    | Note
-------+----------+-------------------------------------------
     0 | D:1      | Gorice the Demonspawn Wanderer began the quest for the Orb.
     0 | D:1      | Gorice set off with: a +2 falchion, a +0 quarterstaff, a potion of curing, a +0 robe, a +0 dagger, a ration
     0 | D:1      | Reached XP level 1. HP: 15/15 MP: 1/1
   154 | D:1      | Reached skill level 4 in Long Blades
   191 | D:1      | Gained mutation: You are partially covered in rugged brown scales. (AC +1, +3% HP) [demonic ancestry]
   191 | D:1      | Reached XP level 2. HP: 15/21 MP: 2/2
   661 | D:1      | Gained mutation: A weak demonic guardian rushes to your aid. [demonic ancestry]
   661 | D:1      | Reached XP level 3. HP: 20/26 MP: 3/3
  1359 | D:2      | HP: 7/26 [poisoned by an adder]
  1366 | D:2      | HP: 6/26 [poisoned by an adder]
  1374 | D:2      | HP: 5/26 [poisoned by an adder]
  1847 | D:2      | Reached skill level 5 in Long Blades
  2106 | D:2      | Gained mutation: You are immune to rotting. [demonic ancestry]
  2106 | D:2      | Reached XP level 4. HP: 32/32 MP: 4/4
  2793 | D:3      | Reached skill level 1 in Armour
  2846 | D:3      | Found a white marble altar of Elyvilon.
  2847 | D:3      | Found a deep blue altar of Sif Muna.
  2923 | D:3      | Reached XP level 5. HP: 32/38 MP: 5/5
  3500 | D:3      | Reached skill level 2 in Armour
  3616 | D:3      | Reached skill level 6 in Long Blades
  3798 | D:4      | Found a staircase to the Ecumenical Temple.
  3799 | D:4      | Noticed Grinder
  4031 | D:4      | Found a sacrificial altar of Ru.
  4087 | D:4      | Reached XP level 6. HP: 31/44 MP: 6/6
  4282 | D:4      | Found a basalt altar of Yredelemnul.
  4692 | D:4      | Noticed Pikel
  4692 | D:4      | Noticed a slave
  4692 | D:4      | Noticed a slave
  4692 | D:4      | Noticed a slave
  4693 | D:4      | Noticed a slave
  4712 | D:4      | Killed Pikel
  4712 | D:4      | Reached skill level 7 in Long Blades
  4712 | D:4      | Reached skill level 3 in Armour
  4712 | D:4      | Gained mutation: You may emit foul miasma when damaged in melee. [demonic ancestry]
  4712 | D:4      | Reached XP level 7. HP: 24/49 MP: 7/7
  4873 | D:5      | Entered Level 5 of the Dungeon
  4873 | D:5      | Found a glowing silver altar of Zin.
  4920 | D:5      | Reached skill level 4 in Armour
  4952 | D:5      | Found an ornate altar of the Wu Jian Council.
  5121 | D:5      | Reached skill level 8 in Long Blades
  5149 | D:5      | Gained mutation: You are mostly covered in rugged brown scales. (AC +2, +5% HP) [demonic ancestry]
  5149 | D:5      | Reached XP level 8. HP: 37/56 MP: 8/8
  5324 | D:5      | Found Zylaokh's Jewellery Shoppe.
  5640 | D:4      | Became a worshipper of Ru the Awakened
  6156 | D:6      | Reached skill level 5 in Armour
  6463 | D:6      | Paralysed by Grinder for 5 turns
  6472 | D:6      | Killed Grinder
  6472 | D:6      | Reached skill level 9 in Long Blades
  7308 | D:7      | Reached XP level 9. HP: 61/61 MP: 9/9
  7473 | D:7      | Gained mutation: You are slightly vulnerable to magic. (MR-) [Ru sacrifice]
  7473 | D:7      | Reached * piety under Ru
  7583 | D:7      | Reached skill level 10 in Long Blades
  7583 | D:7      | Reached skill level 6 in Armour
  8148 | D:7      | Noticed Prince Ribbit
  8174 | D:7      | Killed Prince Ribbit
  8744 | D:8      | Noticed a cyclops
  8957 | D:8      | Killed a cyclops
  8983 | D:8      | Noticed a freezing wraith
  9219 | D:8      | Got a faintly glowing ring mail
  9365 | D:8      | Reached skill level 11 in Long Blades
  9461 | D:7      | Identified the cursed +0 ring mail of Amorality {Dex+4} (You found it on level 8 of the Dungeon)
  9543 | D:8      | Reached skill level 7 in Armour
  9843 | D:8      | Paralysed by fainting for 12 turns
 10051 | D:8      | Found Peus's Assorted Antiques.
 10408 | D:8      | Noticed an orc knight
 10440 | D:8      | HP: 2/61 [orc knight/great sword (19)]
 10441 | D:8      | Slain by an orc knight

Skill      XL: |  1  2  3  4  5  6  7  8  9 |
---------------+----------------------------+-----
Long Blades    | 4 5 6 7 8 9 11 | 11.3
Armour         | 1 2 3 4 5 7 |  7.3
Fighting       | |  1.0
Polearms       | |  1.0
Throwing       | |  1.0
Stealth        | |  2.6

Action                   |  1- 3 |  4- 6 |  7- 9 || total
-------------------------+-------+-------+-------++-------
Melee: Falchion          |   149 |   191 |   576 ||   916
       Unarmed           |       |       |     4 ||     4
Throw: Stone             |    19 |     7 |       ||    26
       Tomahawk          |       |       |    35 ||    35
       Javelin           |       |       |    19 ||    19
Invok: Sacrifice Essence |       |       |     1 ||     1
Evoke: Wand              |       |       |     2 ||     2
  Use: Scroll            |     1 |    12 |     6 ||    19
       Potion            |       |     1 |       ||     1
 Stab: Distracted        |     1 |       |     4 ||     5
       Sleeping          |     2 |       |       ||     2
  Eat: Chunk             |     4 |     8 |    15 ||    27
       Ration            |       |       |     3 ||     3
Armor: Robe              |    18 |       |       ||    18
       Chain mail        |    61 |   161 |   123 ||   345
       Plate armour      |       |       |   216 ||   216
Dodge: Dodged            |    53 |    54 |   113 ||   220
       Rpst.: Falchion   |     9 |    15 |    27 ||    51

Table legend:
 A = Turns spent in this place as a percentage of turns spent in the entire game.
 B = Non-inter-level travel turns spent in this place as a percentage of non-inter-level travel turns spent in the entire game.
 C = Inter-level travel turns spent in this place as a percentage of turns spent in this place.
 D = Turns resting spent in this place as a percentage of non-inter-level travel turns spent in this place.
 E = Turns spent auto-exploring this place as a percentage of non-inter-level travel turns spent in this place.
 F = Non-inter-level travel turns spent in this place divided by the number of levels of this place that you've seen.
                   A       B       C       D       E      F
               +-------+-------+-------+-------+-------+----------------------
         Total | 100.0 | 100.0 |   3.5 |  30.6 |  36.2 | 1259.1
       Dungeon | 100.0 | 100.0 |   3.5 |  30.6 |  36.2 | 1259.1
               +-------+-------+-------+-------+-------+----------------------

Vault maps used:
D:1:      saegor_arrival_fortress, minmay_cut_off
D:3:      chequers_temple_overflow_statue_of_worship, first_ration,
          minmay_snake_closets
D:4:      marbit_many_paths, lemuel_crystal_altar,
          minmay_temple_entry_statues_fountains, uniq_pikel, uniq_grinder
D:5:      overflow_temple_1_default, kennysheep_mini, serial_shops, shop
D:7:      uniq_prince_ribbit1
D:8:      minmay_the_grid_plus, serial_shops, nicolae_shop_overgrown_old_shop
